 Dungeon Crawl Stone Soup version 0.28-a0-390-gb254ac4902 (webtiles) character file.

Game seed: 5323532870638510232

2684 SkeletonJelly the Basher (level 9, -5/61 (84) HPs)
             Began as an Ogre Chaos Knight on Sept 3, 2021.
             Was a Plaything of Xom.
             Slain by a killer bee (8 damage)
             ... on level 7 of the Dungeon.
             The game lasted 00:14:56 (9154 turns).

SkeletonJelly the Basher (Ogre Chaos Knight)        Turns: 9154, Time: 00:14:57

HP:   -5/61 (84)    AC:  5    Str: 21    XL:     9   Next: 64%
MP:   9/9           EV:  9    Int: 13    God:    Xom [..*...]
Gold: 658           SH:  5    Dex:  8    Spells: 8/8 levels left

rFire   . . .      SeeInvis .   a - +1 mace (chaos)
rCold   . . .      Faith    .   (no shield)
rNeg    . . .      Spirit   .   b - +2 robe
rPois   .          Reflect  +   (helmet restricted)
rElec   .          Harm     .   k - scarf {+Inv}
rCorr   .          Rampage  .   (gloves unavailable)
Will    .....      Clarity  +   (boots unavailable)
Stlth   +.........              j - amulet of reflection
HPRegen 0.20/turn               (no ring)
MPRegen 0.11/turn               (no ring)

@: lethally poisoned (-5 -> -25), very heavily drained
A: large, unfitting armour, tough skin 1, clarity, screaming 1
a: Renounce Religion, Evoke Invisibility


You were on level 7 of the Dungeon.
You worshipped Xom.
You were a toy of Xom.
You visited 1 branch of the dungeon, and saw 7 of its levels.

You collected 658 gold pieces.

Inventory:

Hand Weapons
 a - a +1 mace of chaos (weapon)
 h - a +1 antimagic dire flail
 n - a +3 vorpal flail
 p - a +0 giant spiked club
Missiles
 d - 57 poisoned darts (quivered)
Armour
 b - a +2 robe (worn)
 k - a scarf of invisibility (worn)
Jewellery
 j - an amulet of reflection (around neck)
Wands
 r - a wand of mindburst (9)
 w - a wand of digging (4)
Scrolls
 c - 2 scrolls of enchant armour {unknown}
 f - a scroll of acquirement
 g - a scroll of fear
 l - 2 scrolls of teleportation
 q - a scroll of vulnerability {unknown}
 t - a scroll of silence {unknown}
 u - a scroll of blinking {unknown}
 y - a scroll of identify
Potions
 e - 3 potions of invisibility {unknown}
 i - 2 potions of brilliance {unknown}
 o - 3 potions of flight {unknown}
 s - 2 potions of mutation {unknown}
 v - a potion of haste
 x - a potion of might {unknown}
 z - a potion of heal wounds {unknown}


   Skills:
 - Level 4.0 Fighting
 + Level 11.9 Maces & Flails
 - Level 2.1 Dodging


You had 8 spell levels left.
You didn't know any spells.
Your spell library contained the following spells:

 Spells                   Type           Power      Damage    Failure   Level
 Animate Skeleton         Necr           0%         N/A       30%         1
 Apportation              Tloc           0%         N/A       30%         1
 Corona                   Hex            0%         N/A       30%         1
 Summon Small Mammal      Summ           0%         N/A       30%         1


Dungeon Overview and Level Annotations

Branches:
Dungeon (7/15)             Temple (0/1) D:5

Altars:
Gozag
Makhleb
Qazlal
Ru
Sif Muna
Vehumet
Zin

Shops:
D:1 **[[(   D:3 ?

Annotations:
D:7 1 runed translucent door


Innate Abilities, Weirdness & Mutations

You are too large for most types of armour.
You have tough skin. (AC +1)
You possess an exceptional clarity of mind.
You occasionally shout uncontrollably at your foes.


Message History

MP restored: 9 Key pressed, stopping explore.
You now have 563 gold pieces (gained 15).
Key pressed, stopping explore.
o - 3 bubbling black potions (gained 2)
You now have 572 gold pieces (gained 9).
You now have 588 gold pieces (gained 16).
Key pressed, stopping explore.
There is an open door here.
Things that are here:
a +0 club; a scorpion corpse; an iguana corpse You see here a howler monkey skeleton.
You now have 599 gold pieces (gained 11).
Things that are here:
a +0 whip; a +0 robe; a gnoll skeleton; Health restored: 82 You now have 613 gold pieces (gained 14).
You now have 619 gold pieces (gained 6).
You now have 625 gold pieces (gained 6).
You now have 640 gold pieces (gained 15).
You now have 658 gold pieces (gained 18).
There is an open door here.
There is an open door here.
Key pressed, stopping explore.
There is an open door here.
Things that are here:
a +0 club; an iguana skeleton
There is an open door here.
There is an open door here.
There is an open door here.
The killer bee buzzes angrily. x2; You hear an angry buzzing noise.
There is a large open door here.
You close the large door.
You open the large door.
The killer bee stings you but does no damage.
You block the killer bee's attack.
You barely miss the killer bee. The killer bee stings you.
The killer bee barely misses you. The killer bee stings you!
You take 12 damage, and have 70/82 hp.
You closely miss the killer bee.
The killer bee stings you but does no damage.
The killer bee barely misses you. The killer bee stings you.
You are poisoned.
The killer bee poisons you!
You take 2 damage, and have 68/82 hp.
You closely miss the killer bee.
You feel sick. The killer bee stings you. The killer bee barely misses you.
The killer bee stings you.
You are more poisoned.
The killer bee poisons you!
You take 12 damage, and have 56/82 hp.
You barely miss the killer bee.
You feel very sick. The killer bee barely misses you.
The killer bee closely misses you. The killer bee barely misses you.
The killer bee stings you but does no damage.
You take 3 damage, and have 53/82 hp.
You sock the killer bee! You freeze the killer bee.
The killer bee is almost dead.
You feel sick. You block the killer bee's attack.
The killer bee barely misses you. You block the killer bee's attack.
You take 2 damage, and have 51/82 hp.
You closely miss the killer bee.
The killer bee is almost dead.
You feel sick. You block the killer bee's attack.
The killer bee closely misses you. The killer bee stings you!
You take 10 damage, and have 41/82 hp.
You are too injured to fight recklessly!
You are too injured to fight recklessly!
You are too injured to fight recklessly!
You are too injured to fight recklessly!
You are too injured to fight recklessly!
You feel drained.
You fail to use your ability.
You feel sick. The killer bee stings you. The killer bee completely misses you.
The killer bee stings you.
You are more poisoned.
The killer bee poisons you! The killer bee misses you.
You take 10 damage, and have 31/76 hp.
You feel drained.
You fail to use your ability.
You feel very sick. The killer bee stings you.
The killer bee closely misses you. x2
The killer bee stings you but does no damage.
You take 7 damage, and have 24/71 hp.
You feel drained.
You fail to use your ability.
You feel sick. The killer bee stings you.
* * * LOW HITPOINT WARNING * * *
You are more poisoned.
The killer bee poisons you! The killer bee stings you.
* * * LOW HITPOINT WARNING * * *
The killer bee stings you.
* * * LOW HITPOINT WARNING * * *
You are more poisoned.
The killer bee poisons you! The killer bee closely misses you.
You take 12 damage, and have 12/66 hp.
You feel drained.
You fail to use your ability.
* * * LOW HITPOINT WARNING * * *
You feel very sick. The killer bee stings you.
* * * LOW HITPOINT WARNING * * *
The killer bee stings you but does no damage.
The killer bee stings you!
You die...

......##..#.#....#
#..........##.
###.........#....#
#..........### ..........##
#.......##### ##.##.#.y##
#...........#
########<##.#.)#####).....######
............#.....).)###### ####
...............#..#### #..#
......##......##yy## ######..Z
......##.######.@..## #.yyyy...
......##.# ##......## #####Z...
......##.# #........# #....
......##.# #........# ##...
####'###.# #........# ##.. #.#
#.####........######### .. ...
..##.##......###......# ..
###...##....## #......# ..
##.....####'####.....)#


You could see 2 killer bees.

Vanquished Creatures
  A steam dragon (D:7)
  Edmund (D:5)
  2 water moccasins (D:5)
  2 orc warriors
  2 ice beasts
  A black bear (D:7)
  A hornet zombie (D:7)
  A necrophage (D:7)
  An ogre (D:5)
  A phantom (D:2)
  A bullfrog (D:7)
  A scorpion (D:7)
  A wyvern skeleton (D:7)
  A howler monkey (D:7)
  3 wights (D:7)
  3 bullfrog zombies
  A bullfrog skeleton (D:2)
  A centaur skeleton (D:5)
  4 hounds
  2 orc priests
  3 centaur zombies
  3 gnoll shamans
  A jelly (D:7)
  3 iguanas
  5 orc wizards
  A killer bee zombie (D:5)
  A hound zombie (D:5)
  2 hound skeletons
  A howler monkey zombie (D:7)
  6 adders
  7 gnolls
  A howler monkey skeleton (D:7)
  A shadow imp (D:5)
  2 white imps
  An ufetubus (D:7)
  A dart slug (D:1)
  17 orcs
  3 ball pythons
  8 bats
  5 endoplasms
  A giant cockroach (D:4)
  7 goblins
  10 hobgoblins
  9 jackals
  6 kobolds
  7 quokkas
  3 frilled lizards
  4 rats
150 creatures vanquished.

Vanquished Creatures (collateral kills)
  A gnoll (D:2)
  A kobold (D:2)
2 creatures vanquished.

Vanquished Creatures (others)
  An orc priest (D:5)
  A howler monkey skeleton (D:6)
  A shadow imp (D:7)
3 creatures vanquished.

Grand Total: 155 creatures vanquished

Notes
Turn   | Place    | Note
-------+----------+-------------------------------------------
     0 | D:1      | SkeletonJelly the Ogre Chaos Knight began the quest for the
                  | Orb.
     0 | D:1      | Reached XP level 1. HP: 24/24 MP: 1/1
    61 | D:1      | Reached skill level 3 in Maces & Flails
   232 | D:1      | XOM: silly message
   277 | D:1      | Reached XP level 2. HP: 32/32 MP: 2/2
   354 | D:1      | XOM: silly message
   437 | D:1      | Found Fykhliutt's Antique Armour Emporium.
   527 | D:1      | Found Areroem's Antique Weapon Boutique.
   527 | D:1      | Found a faded altar of an unknown god.
   534 | D:1      | Found Fanweaf's Antique Armour Boutique.
   579 | D:1      | Found Sireirost's General Store.
   613 | D:1      | Found Piduapik's General Store.
   691 | D:1      | Reached XP level 3. HP: 39/39 MP: 3/3
   821 | D:1      | XOM: noise
   922 | D:2      | XOM: noise
  1017 | D:2      | Found a radiant altar of Vehumet.
  1020 | D:2      | You fall into a shaft and drop 1 floor!
  1039 | D:3      | XOM: silly message
  1048 | D:3      | Reached skill level 4 in Maces & Flails
  1062 | D:3      | XOM: divination: detect items
  1070 | D:3      | XOM: enchant monster (good)
  1491 | D:2      | Reached XP level 4. HP: 48/48 MP: 4/4
  1898 | D:2      | Noticed a phantom
  1900 | D:2      | XOM: noise
  1904 | D:2      | Killed a phantom
  1905 | D:2      | Reached skill level 5 in Maces & Flails
  1905 | D:2      | Reached XP level 5. HP: 54/54 MP: 5/5
  2217 | D:2      | XOM: divination: detect creatures
  2330 | D:2      | XOM: potion effect (might)
  2361 | D:2      | Reached XP level 6. HP: 11/62 MP: 6/6
  2370 | D:2      | Reached skill level 6 in Maces & Flails
  2682 | D:3      | XOM: noise
  2769 | D:3      | Found Byohieko's Magic Scroll Shop.
  2878 | D:3      | XOM: divination: magic mapping
  2939 | D:3      | Noticed a glowing shapeshifter
  2939 | D:3      | an adder changed into a glowing shapeshifter
  2939 | D:3      | XOM: divination: magic mapping
  2939 | D:3      | Noticed a deep troll
  2939 | D:3      | a glowing shapeshifter changed into a deep troll
  2940 | D:3      | XOM: divination: magic mapping
  2940 | D:3      | Noticed a cyclops
  2940 | D:3      | a deep troll changed into a cyclops
  2944 | D:3      | XOM: divination: detect items
  2945 | D:3      | XOM: divination: detect items
  2945 | D:3      | Noticed a sea snake
  2945 | D:3      | a cyclops changed into a sea snake
  2947 | D:3      | Noticed a fire crab
  2947 | D:3      | a sea snake changed into a fire crab
  2949 | D:3      | Noticed a troll
  2949 | D:3      | a fire crab changed into a troll
  2950 | D:3      | Noticed a meliai
  2950 | D:3      | a troll changed into a meliai
  2952 | D:3      | Noticed a yaktaur
  2952 | D:3      | a meliai changed into a yaktaur
  2953 | D:3      | Noticed an orb spider
  2953 | D:3      | a yaktaur changed into an orb spider
  3309 | D:4      | Found a sacrificial altar of Ru.
  3592 | D:3      | Noticed a minotaur
  3593 | D:3      | Noticed a catoblepas
  3593 | D:3      | a minotaur changed into a catoblepas
  3594 | D:3      | Noticed an entropy weaver
  3594 | D:3      | a catoblepas changed into an entropy weaver
  3599 | D:3      | Noticed a spark wasp
  3863 | D:4      | XOM: silly message
  3893 | D:4      | XOM: silly message
  4406 | D:4      | Reached skill level 7 in Maces & Flails
  4406 | D:4      | Reached XP level 7. HP: 53/66 MP: 7/7
  4467 | D:4      | Found a shimmering blue altar of Sif Muna.
  4480 | D:5      | Entered Level 5 of the Dungeon
  4512 | D:5      | Identified a scroll of acquirement
  4997 | D:5      | Found a staircase to the Ecumenical Temple.
  5132 | D:5      | XOM: silly message
  5156 | D:5      | XOM: potion effect (curing)
  5164 | D:5      | XOM: potion effect (might)
  5181 | D:5      | Reached skill level 8 in Maces & Flails
  5203 | D:5      | XOM: potion effect (curing)
  5207 | D:5      | Reached XP level 8. HP: 40/77 MP: 8/8
  5404 | D:5      | XOM: god gift: scroll of fear
  5473 | D:5      | Found a glowing silver altar of Zin.
  5554 | D:5      | Reached skill level 9 in Maces & Flails
  5609 | D:5      | Noticed Edmund
  5621 | D:5      | Killed Edmund
  5791 | D:5      | Found a burning altar of Makhleb.
  5807 | D:5      | XOM: butterfly on damage
  6281 | D:6      | XOM: 2-stop teleportation journey
  6454 | D:6      | XOM: god gift: scroll labelled FAUTIO XOLOI {god gift}
  6499 | D:6      | Found a stormy altar of Qazlal.
  6566 | D:6      | Found a radiant altar of Vehumet.
  7059 | D:7      | Reached skill level 10 in Maces & Flails
  7063 | D:6      | XOM: summons 2 friendly demons
  7220 | D:7      | XOM: scenery: summon butterflies
  7225 | D:7      | XOM: divination: detect items
  7232 | D:7      | XOM: summons friendly shadow imp
  7241 | D:7      | XOM: fog
  7248 | D:7      | Reached XP level 9. HP: 9/84 MP: 9/9
  7251 | D:7      | XOM: cast spell 'Cause Fear'
  7265 | D:6      | XOM: divination: detect creatures
  7460 | D:6      | XOM: silly message
  7592 | D:7      | Found an opulent altar of Gozag.
  7740 | D:7      | XOM: potion effect (brilliance)
  7746 | D:7      | Reached skill level 11 in Maces & Flails
  7926 | D:7      | XOM: silly message
  8112 | D:7      | XOM: 4-stop teleportation journey
  8115 | D:7      | XOM: potion effect (invisibility)
  8215 | D:7      | XOM: give mutations
  8215 | D:7      | Gained mutation: Your muscles are strong. (Str +2) [Xom's
                  | mischief]
  8215 | D:7      | Gained mutation: You are frail. (-10% HP) [Xom's mischief]
  8215 | D:7      | Gained mutation: You are clumsy. (Dex -2) [Xom's mischief]
  8294 | D:7      | XOM: give mutations
  8294 | D:7      | Lost mutation: You are frail. (-10% HP) [Xom's mischief]
  8294 | D:7      | Lost mutation: You are clumsy. (Dex -2) [Xom's mischief]
  8294 | D:7      | Lost mutation: Your muscles are strong. (Str +2) [Xom's
                  | mischief]
  8337 | D:7      | XOM: give mutations
  8337 | D:7      | Gained mutation: Armour fits poorly on your strangely
                  | shaped body. [Xom's mischief]
  8337 | D:7      | Gained mutation: You occasionally shout uncontrollably at
                  | your foes. [Xom's mischief]
  8416 | D:7      | Found a runed translucent door.
  8416 | D:7      | XOM: 1-stop teleportation journey
  8421 | D:7      | XOM: silly message
  8496 | D:7      | XOM: give mutations
  8496 | D:7      | Gained mutation: You possess an exceptional clarity of
                  | mind. [Xom's mischief]
  8496 | D:7      | Gained mutation: You are frail. (-10% HP) [Xom's mischief]
  8496 | D:7      | Lost mutation: Armour fits poorly on your strangely shaped
                  | body. [Xom's mischief]
  8496 | D:7      | Lost mutation: You are frail. (-10% HP) [Xom's mischief]
  8520 | D:7      | XOM: noise
  8729 | D:7      | XOM: silly message
  8903 | D:7      | XOM: enchant monster (bad)
  9028 | D:7      | XOM: noise
  9154 | D:7      | HP: 3/61 [killer bee (3)]
  9154 | D:7      | Slain by a killer bee

Illustrated notes

Levels and vault maps discovered:
D:1:      dpeg_arrival_tiny_f, layout_loops_ring, ebering_ecumenical_altar_rust,
          serial_shops, shop, nicolae_shop_overgrown_old_shop, shop,
          nicolae_shop_crystal, shop, minmay_hedge_maze
D:2:      minmay_recursive_quarters, layout_basic, basic_altar,
          kennysheep_generic_room_3
D:3:      layout_rooms, serial_shops, shop
D:4:      layout_gridville, mainiacjoe_overflow_six_doors_small,
          lemuel_blue_sif_altar, chequers_serial_rivers_room_a,
          minmay_misc_feat_nine_boxes
D:5:      layout_basic, kennysheep_mini, zin_statuary, temple_green, uniq_edmund
D:6:      layout_basic, fiery_altar_vehumet, nicolae_qazlal_general_emergency
D:7:      minmay_polygon_palace, layout_basic, dk_yredelemnul_ordeal,
          grunt_gozag_statues

Skill      XL: |  1  2  3  4  5  6  7  8  9 |
---------------+----------------------------+-----
Maces & Flails | 3 4 5 7 8 10 11 | 11.9
Fighting       | |  4.0
Dodging        | |  2.1

Action                   |  1- 3 |  4- 6 |  7- 9 || total
-------------------------+-------+-------+-------++-------
Melee: Mace              |   100 |   199 |   313 ||   612
Throw: Dart              |       |    11 |    25 ||    36
 Abil: Evoke Invisibilit |       |     1 |     2 ||     3
Evoke: Wand              |       |       |     2 ||     2
  Use: Potion            |     1 |       |     4 ||     5
       Scroll            |       |       |     6 ||     6
 Stab: Sleeping          |       |     1 |       ||     1
       Paralysed         |       |       |     3 ||     3
       Confused          |       |       |     1 ||     1
       Invisible         |       |       |     6 ||     6
Armor: Robe              |    53 |    86 |    82 ||   221
Dodge: Dodged            |    59 |   103 |   117 ||   279
Block: Other             |       |    37 |    60 ||    97
       Reflection        |       |     1 |       ||     1

Table legend: (Time is in decaauts)
 A = Elapsed time spent in this place.
 B = Non-inter-level travel time spent in this place.
 C = Inter-level travel time spent in this place.
 D = Time resting spent in this place.
 E = Time spent auto-exploring this place.
 F = Levels seen in this place.
 G = Mean time per level.
                   A        B        C        D        E       F      G
               +--------+--------+--------+--------+--------+-----+--------+
         Total |   9140 |   8896 |    244 |    241 |   7184 |   7 | 1305.7 |
       Dungeon |   9140 |   8896 |    244 |    241 |   7184 |   7 | 1305.7 |
               +--------+--------+--------+--------+--------+-----+--------+

Top non-repeatable levels by time:
     D:7: 1737 daAuts
     D:2: 1717 daAuts
     D:5: 1650 daAuts
     D:4: 1348 daAuts
     D:6: 1164 daAuts
     D:1: 934 daAuts
     D:3: 587 daAuts
